 Dungeon Crawl Stone Soup version 0.31-b1-20-g67cafac56d (webtiles) character file.

Game seed: 4190906278141626270

25 bearlyready the Cudgeller (level 3, -1/36 HPs)
             Began as an Oni Gladiator on Jan 18, 2024.
             Slain by Natasha (8 damage)
             ... on level 2 of the Dungeon.
             The game lasted 00:00:52 (910 turns).

bearlyready the Cudgeller (Oni Gladiator)            Turns: 910, Time: 00:00:52

Health: -1/36      AC:  3    Str: 20    XL:     3   Next: 6%
Magic:  3/3        EV: 10    Int:  9    God:
Gold:   64         SH:  0    Dex: 10    Spells: 2/2 levels left

rFire   . . .        i - +2 short sword (venom)
rCold   . . .        (no shield)
rNeg    . . .        b - +0 robe
rPois   .            c - +0 hat
rElec   .            (no cloak)
rCorr   .            (gloves unavailable)
SInv    .            (boots unavailable)
Will    .....        (no amulet)
Stlth   +            (no ring)
HPRegen 0.26/turn    (no ring)
MPRegen 0.08/turn

%: no passive effects
@: no status effects
A: large, unfitting armour, horns 1, tough skin 1, double potion healing,
drunken brawling
a: no special abilities


You were on level 2 of the Dungeon.
You visited 1 branch of the dungeon, and saw 2 of its levels.

You collected 64 gold pieces.

Inventory:

Hand Weapons
 a - a +0 flail
 i - a +2 short sword of venom (weapon)
Missiles
 d - 3 throwing nets (quivered)
 e - a large rock
 g - 11 stones
Armour
 b - a +0 robe (worn)
 c - a +0 hat (worn)
Scrolls
 h - 4 scrolls of identify {unknown}
Potions
 f - 2 potions of brilliance {unknown}


   Skills:
 + Level 2.8 Fighting
 + Level 4.1 Maces & Flails
 - Level 2.0 Throwing
 - Level 2.6 Dodging


You had 2 spell levels left.
You didn't know any spells.
Your spell library was empty.

Dungeon Overview and Level Annotations

Branches:
Dungeon (2/15)

Altars:

Annotations:
D:2 Natasha


Innate Abilities, Weirdness & Mutations

You are too large for most types of armour.
You have a pair of small horns on your head.
You have tough skin. (AC +1)
You gain doubled healing and magic from potions.
Whenever you drink a healing potion, you attack all around you.


Message History

You barely miss Natasha.
Natasha is heavily wounded.
The cerulean imp hits you from afar with a +2 spear.
Natasha claws you but does no damage.
You miss Natasha.
Natasha is heavily wounded.
The cerulean imp hits you from afar with a +2 spear.
Natasha casts a spell.
You closely miss Natasha.
Natasha is heavily wounded.
The cerulean imp barely misses you. Natasha casts a spell at you.
You resist with some effort. The cerulean imp closely misses you.
You closely miss Natasha. Your headbutt misses Natasha.
Natasha is heavily wounded.
The cerulean imp hits you from afar with a +2 spear.
Natasha closely misses you. The cerulean imp barely misses you.
You completely miss Natasha.
Natasha is heavily wounded.
The cerulean imp hits you from afar with a +2 spear.
Natasha claws you!
The cerulean imp hits you from afar with a +1 spear.
You barely miss Natasha.
Natasha is heavily wounded.
The cerulean imp barely misses you.
The cerulean imp hits you but does no damage.
Natasha claws you but does no damage.
You closely miss Natasha. Your headbutt misses Natasha.
Natasha is heavily wounded.
The cerulean imp hits you from afar with a +2 spear.
* * * LOW HITPOINT WARNING * * *
Natasha claws you but does no damage.
The cerulean imp hits you but does no damage.
You hit Natasha.
Natasha is severely wounded.
The cerulean imp hits you from afar with a +2 spear.
* * * LOW HITPOINT WARNING * * *
Natasha claws you!
You die...
Natasha begins licking her fur clean.

###..### #...## ##
##.### #. ...# ##.# #.
..## #..######... #.#
##.#.......<. #.#
###.......>.... #.##
##.............. #..#
#.. #...@h5..... ##.#
#.###.!......... .#.#
####.#......(5.....
...###......#..........$
##........####..........
#.........# ##.........
#.###.......###########
#..##..###..... #.....##
#.....


You could see Natasha and 2 cerulean imps.

Vanquished Creatures
  2 endoplasms
  A giant cockroach (D:1)
  A hobgoblin (D:2)
  6 jackals (D:1)
  A quokka (D:1)
  6 ball pythons
  4 bats (D:1)
  2 frilled lizards
  A rat (D:1)
24 creatures vanquished.

Notes
Turn   | Place    | Note
-------+----------+-------------------------------------------
     0 | D:1      | bearlyready the Oni Gladiator began the quest for the Orb.
     0 | D:1      | Reached XP level 1. HP: 22/22 MP: 1/1
   177 | D:1      | Reached XP level 2. HP: 23/29 MP: 2/2
   422 | D:1      | Reached skill level 4 in Maces & Flails
   816 | D:2      | Reached XP level 3. HP: 31/36 MP: 3/3
   894 | D:2      | Noticed Natasha
   910 | D:2      | Slain by Natasha

Illustrated notes

Levels and vault maps discovered:
D:1:      dpeg_arrival_short_road, layout_loops_cross, amcnicky_mini_pool_small
D:2:      layout_rooms, hangedman_decor_peaks_small,
          nicolae_elevator_lobby_plus, uniq_sigmund, uniq_natasha

Skill      XL: |  1  2 |
---------------+-------+-----
Maces & Flails | 4 |  4.1
Fighting       | |  2.8
Throwing       | |  2.0
Dodging        | |  2.6

Action                     || total
---------------------------++-------
  Melee: Flail             ||    25
         Short sword       ||    32
         Headbutt          ||     4
 Armour: Robe              ||    56
  Dodge: Dodged            ||    30
